woodfighter, chaotic female orcish Cavewoman ---- ---..| |....| |....| ----....-- -----..%.....| --.|..........-- |..............| ---- |..............- |..-- -............--..<| -................-- |...I.....|.......| |-.......---.....-| |........---......| -...........-- |.I.........- --...........| |......------ --...... -------- woodfighter the Cave Teen Experience level: 5 Strength: 18/04 Dexterity: 13 Constitution: 15 Intelligence: 8 Wisdom: 6 Charisma: 10 Health: 0(42) Energy: 15(15) Def: 2 Gold: 539 Moves: 3691 Dungeon seed: DqxyXPO7OYVoz98c Game ID: woodfighter_1477218688 Your Inventory: Coins $ - 539 gold pieces Amulets h - an uncursed amulet versus poison Weapons a - a blessed +1 club (weapon in hand) b - a +2 sling (alternate weapon; not wielded) Armor n - an uncursed +0 oilskin cloak q - an uncursed +0 leather armor (being worn) r - an uncursed +0 dwarvish cloak N - an uncursed +0 dwarvish cloak Y - an uncursed +0 dwarvish mithril-coat Scrolls f - 2 uncursed scrolls of identify j - 3 uncursed scrolls of scare monster k - 2 uncursed scrolls of identify m - an uncursed scroll of scare monster u - 2 uncursed scrolls of magic mapping w - an uncursed scroll of water B - an uncursed scroll of enchant weapon Spellbooks s - an uncursed spellbook of protection Potions p - a cursed potion of confusion t - an uncursed potion of confusion x - a blessed potion of object detection z - an uncursed potion of hallucination C - a potion of holy water D - an uncursed potion of gain energy E - an uncursed potion of oil Tools y - an uncursed lock pick G - 2 uncursed tallow candles (0:200) Gems e - 11 uncursed flints (in quiver) Spells and supernatural/magical abilities: Name Level Category Fail Memory W - pray for help -- divine ? -- Your skills at the end: Miscellaneous Skills bare handed combat [Basic] Weapon Skills scimitar [Basic] club [Basic] sling [Basic] Spellcasting Skills Final Attributes: You were piously aligned. You were poison resistant. You saw invisible. You were telepathic. You had infravision. You were somewhat stealthy. You were unlucky. Anshar was angry with you. You are dead. Vanquished creatures: a gnome king a housecat a water nymph a baby crocodile a fog cloud 2 gnome lords a black naga hatchling a guardian naga hatchling 4 giant ants a puppy 2 floating eyes 3 dwarves an iguana 5 dwarf zombies a coyote 3 hobbits 5 geckos 2 cave spiders a yellow mold a green mold a red mold 8 gnomes 4 garter snakes 5 jackals 2 kobolds 9 newts a goblin 11 grid bugs 2 bats a lichen 82 creatures vanquished. Voluntary challenges: You did not adorn yourself with jewelry or accessories. You did not cause conflict. You were not invisible. You did not have reflection. You were not displaced. You had been an atheist until turn 3351. You used a wielded weapon 97 times, starting on turn 3. You did not use tools. You did not use sinks. You read items or engraved 1 time, starting on turn 1554. You never genocided any monsters. You never polymorphed an object. You never changed form. You used no wishes. You never split a pudding. You never wrote Elbereth's name. You never violated your personal moral code. Dungeon overview: The Dungeons of Doom: levels 1 to 5 Level 1 a long staircase Level 2 a general store stairs to The Gnomish Mines Level 3 a sink Level 4 (w) Level 5 (w) The Gnomish Mines: levels 3 to 4 Level 3 stairs to The Dungeons of Doom Level 4 <- You were here History has recorded: On T:1 you entered the Dungeons of Doom to retrieve the Amulet of Yendor! On T:140 you reached level 2 of The Dungeons of Doom. On T:413 you advanced to experience level 2. On T:574 you reached level 3 of The Dungeons of Doom. On T:656 you reached level 1 of The Gnomish Mines. On T:839 you advanced to experience level 3. On T:1281 you reached level 4 of The Dungeons of Doom. On T:1327 you advanced to experience level 4. On T:1617 you reached level 5 of The Dungeons of Doom. On T:2807 you advanced to experience level 5. On T:3272 you reached level 2 of The Gnomish Mines. On T:3351 you prayed to Anshar. On T:3359 you advanced to experience level 6. On T:3655 you prayed to Anshar. Score breakdown: Gold: 539 ( 53 points) Experience: 5 levels ( 400 points) Exploration: 5 levels ( 120 points) Discoveries: 18 items ( 900 points) Variety of kills: 30 monsters ( 1500 points) Major goal: (nothing yet) ( 0 points) Survival: died (score multiplied by 3) Total score: 8919 Latest messages: You stop travelling. You faint from lack of food. You come to. You begin praying to Anshar. The voice of Anshar booms out: "Thou art arrogant, mortal." "Thou must relearn thy lessons!" You feel foolish! Goodbye level 6. There are a few objects here. There are several objects here. You faint from lack of food. Something punches you! (6x) You come to. You hear a distant squeak. You hit the gnomish wizard! The gnomish wizard points all around, then curses. The gnome lord punches you! You hit the gnome lord! The gnomish wizard casts a spell! The gnomish wizard looks better. The gnome lord punches you! The gnomish wizard points at you, then curses. You faint from lack of food. Something punches you! (4x) You die... Final status: Goodbye woodfighter the Cavewoman, killed by a gnome lord, while fainted from lack of food... You died in The Gnomish Mines on dungeon level 4 with 8919 points, and 539 pieces of gold, after 3691 moves. You were level 5 with a maximum of 42 hit points when you died.